Map: Rozkwit ER

Players

TnT - Winner!

  • Race: Protoss Protoss
  • League: Diamond
  • Spawn Location: 3:00

sts - Winner!

  • Race: Zerg Zerg
  • League: Gold
  • Spawn Location: 12:00

Esharell

  • Race: Zerg Zerg
  • Spawn Location: 9:00

Legol

  • Race: Protoss Protoss
  • League: Gold
  • Spawn Location: 6:00

VOD

Have the link to the VOD?

Description

Time

  • Played on: Jan. 3, 2020, 6:10 p.m.
  • Length: 4:45
Show
View Real Time Build Order
Export as new Build Order

TnT Protoss - Winner!

Build Orders: Cannon Rush 

Get SALT Encoding   

  12  0:03  Probe  
  13  0:15  Probe (Chrono Boost)  
  14  0:22  Pylon  
  14  0:27  Probe (Chrono Boost)  
  15  0:38  Probe (Chrono Boost)  
  16  0:43  Forge  
  16  0:49  Probe  
  17  0:59  Pylon  
  17  1:14  Pylon  
  17  1:20  Photon Cannon  
  17  1:33  Photon Cannon  
  17  1:47  Pylon  
  16  1:56  Photon Cannon  
  16  2:00  Probe  
  17  2:01  Photon Cannon  
  17  2:15  Pylon  
  17  2:21  Probe  
  18  2:29  Pylon  
  18  2:36  Probe  
  19  2:43  Gateway  
  19  2:47  Photon Cannon  
  19  2:48  Probe  
  19  2:49  Photon Cannon  
  20  2:53  Photon Cannon  
  20  2:59  Pylon  
  20  3:08  Pylon  
  20  3:15  Probe (Chrono Boost)  
  21  3:20  Assimilator  
  21  3:22  Assimilator  
  21  3:25  Probe (Chrono Boost)  
  22  3:31  Photon Cannon  
  22  3:51  Photon Cannon  
  21  3:59  Probe (Chrono Boost)  
  22  4:04  Cybernetics Core  
  22  4:07  Pylon  
  22  4:09  Probe (Chrono Boost)  
  23  4:36  Gateway  
  23  4:39  Gateway  
  23  4:43  Gateway  
Show
View Real Time Build Order
Export as new Build Order

sts Zerg - Winner!

Build Orders: Hatch First 

Get SALT Encoding   

  12  0:03  Drone  
  13  0:15  Drone  
  13  0:18  Overlord  
  14  0:38  Drone x2  
  14  0:39  Drone  
  17  0:58  Drone  
  17  0:59  Hatchery  
  17  1:04  Drone  
  18  1:18  Spawning Pool  
  18  1:19  Extractor  
  18  1:21  Drone  
  17  1:31  Drone  
  18  1:35  Drone  
  19  1:45  Drone  
  20  2:10  Zergling x4  
  20  2:13  Queen  
  24  2:16  Queen  
  24  2:18  Zergling x4  
  28  2:36  Metabolic Boost  
  28  2:40  Overlord x2  
  28  2:56  Overlord  
  28  3:00  Zergling x8  
  31  3:37  Zergling x6  
  31  3:38  Zergling x12  
  31  3:39  Zergling x2  
  38  3:51  Roach Warren  
  38  3:54  Drone  
  38  3:56  Drone x2, Spine Crawler  
  35  4:18  Drone x2  
  35  4:19  Drone x2  
  35  4:20  Drone  
  38  4:27  Zergling x2  
  38  4:28  Zergling x6  
Show
View Real Time Build Order
Export as new Build Order

Esharell Zerg 

Build Orders: Hatch First 

Get SALT Encoding   

  12  0:01  Drone  
  13  0:12  Overlord  
  13  0:18  Drone  
  14  0:31  Drone x2  
  17  0:35  Drone  
  17  0:46  Drone  
  18  0:59  Hatchery  
  18  1:03  Drone  
  18  1:13  Spawning Pool  
  17  1:18  Extractor  
  17  1:20  Drone  
  17  1:24  Drone  
  18  1:38  Drone  
  19  1:46  Overlord  
  19  2:00  Queen  
  21  2:06  Roach Warren  
  20  2:12  Queen  
  20  2:15  Zergling x2  
  23  2:22  Extractor  
  22  2:28  Zergling x2  
  23  2:39  Zergling x2  
  24  2:46  Roach x3  
  24  2:47  Roach  
  32  2:56  Roach  
  31  3:14  Overlord  
  31  3:37  Ravager x3  
  31  3:40  Zergling x8  
  33  4:00  Zergling x6  
  31  4:06  Zergling x2  
  28  4:18  Zergling x2  
Show
View Real Time Build Order
Export as new Build Order

Legol Protoss 

Build Orders:  

Get SALT Encoding   

  12  0:01  Probe  
  13  0:13  Probe  
  14  0:20  Pylon  
  14  0:25  Probe  
  15  0:38  Probe (Chrono Boost)  
  15  0:40  Gateway  
  17  0:50  Probe (Chrono Boost)  
  17  0:51  Assimilator  
  17  0:55  Probe (Chrono Boost)  
  18  1:04  Probe  
  19  1:17  Probe  
  20  1:29  Probe  
  20  1:30  Cybernetics Core, Zealot (Chrono Boost)  
  23  2:02  Gateway  
  23  2:16  Pylon  
  20  2:44  Robotics Facility  
  20  2:49  Stalker  
  21  3:18  Pylon, Stalker (Chrono Boost)  
  21  3:19  Gateway  
  23  3:36  Immortal  
  24  4:05  Cybernetics Core  
  24  4:14  Probe  
Tags
 
Add a new tag
Caveats
  • Supply blocks, unpowered buildings, or Contaminate may cause inaccurate times.
  • Supply counts are checked every 10 seconds.